 Dungeon Crawl Stone Soup version 0.32-a0-576-g706899e69d (webtiles) character file.

Game seed: 15823989148556973803

42 Malificent the Charlatan (level 3, 0/28 HPs)
             Began as a Mountain Dwarf Artificer on Mar 1, 2024.
             Succumbed to an adder's poison
             ... on level 2 of the Dungeon.
             The game lasted 00:03:56 (899 turns).

Malificent the Charlatan (Mountain Dwarf Artificer)  Turns: 899, Time: 00:03:57

Health: 0/28       AC:  3    Str: 16    XL:     3   Next: 35%
Magic:  3/3        EV: 11    Int: 11    God:
Gold:   86         SH:  0    Dex: 10    Spells: 2/2 levels left

rFire   . . .        l - +2 hand axe (heavy)
rCold   . . .        (no shield)
rNeg    . . .        b - +0 leather armour
rPois   .            (no helmet)
rElec   .            (no cloak)
rCorr   .            (no gloves)
SInv    .            (no boots)
Will    .....        (no amulet)
Stlth   +            (no ring)
HPRegen 0.24/turn    (no ring)
MPRegen 0.08/turn

%: no passive effects
@: lethally poisoned (0 -> -5)
A: runic magic, artefact enchanting
a: no special abilities


You were on level 2 of the Dungeon.
You visited 1 branch of the dungeon, and saw 2 of its levels.

You collected 86 gold pieces.

Inventory:

Hand Weapons
 a - a +0 club
 g - a +0 hand axe
 i - a +2 dagger of freezing
 l - a +2 heavy hand axe (weapon)
Armour
 b - a +0 leather armour (worn)
 h - a +0 pair of gloves
Wands
 c - a wand of flame (6) (quivered)
 d - a wand of charming (13)
 e - a wand of iceblast (5)
Scrolls
 f - a scroll of teleportation
 j - a scroll of fog
 n - a scroll of summoning {unknown}
Potions
 m - a potion of mutation


   Skills:
 + Level 1.2 Fighting
 + Level 0.4 Axes
 + Level 2.5 Armour
 + Level 0.9 Dodging
 + Level 0.9 Stealth
 * Level 4.3 Evocations


You had 2 spell levels left.
You didn't know any spells.
Your spell library was empty.

Dungeon Overview and Level Annotations

Branches:
Dungeon (2/15)

Altars:


Innate Abilities, Weirdness & Mutations

Your spellcasting is much less encumbered by armour.
You can use scrolls of enchantment on lesser artefacts.


Message History

You barely miss the adder. You slash the rat!
You kill the rat!
You feel sick. The adder barely misses you. x2
The ball python closely misses you. The ball python barely misses you.
The adder barely misses you.
You feel sick.
You are no longer poisoned.
The adder barely misses you.
The ball python bites you but does no damage.
The ball python attacks as it pursues you!
The ball python bites you but does no damage.
The ball python misses you. The adder bites you.
There is an open door here.
The ball python attacks as it pursues you!
The ball python bites you but does no damage.
The ball python closely misses you.
You barely miss the ball python. The adder closely misses you.
You closely miss the adder. The adder closely misses you. The adder bites you.
You are poisoned.
The adder poisons you!
You hit the adder.
The adder is heavily wounded.
You feel very sick. The adder bites you but does no damage.
The adder bites you.
You are more poisoned.
The adder poisons you! The adder bites you but does no damage.
You slash the adder!
You kill the adder!
* * * LOW HITPOINT WARNING * * *
You feel very sick. The ball python barely misses you.
The ball python grabs you. The ball python constricts you.
* * * LOW HITPOINT WARNING * * *
The ball python bites you.
* * * LOW HITPOINT WARNING * * *
The ball python constricts you.
* * * LOW HITPOINT WARNING * * *
You slash the ball python!
You kill the ball python!
You die...

# #.####.# ..... #
##....#.##..#.# #
............... #
....>.........# ##
............ >#
.......# .# .###
######...# .# ...
#..<@†...# .#
###[######'####.†.#
...#...........#
#...#
#.##.#.........#
#...#
..##.#.........#
#.:...
#....#.........#
###....
...###.........#
.....
...............#
.....
........[......#


There were no monsters in sight!

Vanquished Creatures
  2 adders (D:2)
  2 bats (D:2)
  5 endoplasms
  3 goblins (D:1)
  2 hobgoblins (D:1)
  A quokka (D:1)
  3 ball pythons (D:2)
  2 frilled lizards
  3 rats
23 creatures vanquished.

Vanquished Creatures (collateral kills)
  A goblin (D:1)
1 creature vanquished.

Vanquished Creatures (others)
  A ball python (D:1)
  A hobgoblin (D:1)
2 creatures vanquished.

Grand Total: 26 creatures vanquished

Notes
Turn   | Place    | Note
-------+----------+-------------------------------------------
     0 | D:1      | Malificent the Mountain Dwarf Artificer began the quest for
                  | the Orb.
     0 | D:1      | Reached XP level 1. HP: 16/16 MP: 1/1
    93 | D:1      | Found a faded altar of an unknown god.
   294 | D:1      | Reached XP level 2. HP: 11/23 MP: 2/2
   786 | D:2      | Reached skill level 4 in Evocations
   838 | D:2      | Reached XP level 3. HP: 28/28 MP: 3/3
   899 | D:2      | Succumbed to an adder's poison

Illustrated notes

Levels and vault maps discovered:
D:1:      onia_arrival_pyramid, layout_rooms,
          shapermc_ecumenical_altar_acropolis, minmay_pentomino_x2
D:2:      layout_basic

Skill      XL: |  1  2 |
---------------+-------+-----
Evocations     | 4 |  4.3
Fighting       | |  1.2
Axes           | |  0.4
Armour         | |  2.5
Dodging        | |  0.9
Stealth        | |  0.9

Action                     || total
---------------------------++-------
  Melee: Hand axe          ||    68
  Evoke: Wand              ||    11
    Use: Scroll            ||     3
 Armour: Leather armour    ||    73
  Dodge: Dodged            ||    47

Table legend: (Time is in decaauts)
 A = Elapsed time spent in this place.
 B = Non-inter-level travel time spent in this place.
 C = Inter-level travel time spent in this place.
 D = Time resting spent in this place.
 E = Time spent auto-exploring this place.
 F = Levels seen in this place.
 G = Mean time per level.
                   A        B        C        D        E       F      G
               +--------+--------+--------+--------+--------+-----+--------+
         Total |    929 |    886 |     43 |    263 |    352 |   2 |  464.5 |
       Dungeon |    929 |    886 |     43 |    263 |    352 |   2 |  464.5 |
               +--------+--------+--------+--------+--------+-----+--------+

Top non-repeatable levels by time:
     D:1: 793 daAuts
     D:2: 136 daAuts
